 Dungeon Crawl Stone Soup version 0.31-a0-986-g5e6e4ef867 (webtiles) character file.

Game seed: 12965456652452296846

1210 LeprechaunX the Ruffian (level 8, -14/54 HPs)
             Began as an Octopode Shapeshifter on Nov 6, 2023.
             Killed from afar by a steam dragon (19 damage)
             ... with a ball of steam
             ... on level 6 of the Dungeon.
             The game lasted 00:08:17 (5901 turns).

LeprechaunX the Ruffian (Octopode Shapeshifter)     Turns: 5901, Time: 00:08:17

Health: -14/54     AC:  1    Str: 14    XL:     8   Next: 45%
Magic:  8/8        EV: 13    Int: 12    God:
Gold:   257        SH:  9    Dex: 19    Spells: 7/7 levels left

rFire   . .          .
                       - Unarmed
rCold   . . .        x - +0 buckler
rNeg    . . .        (helmet currently unavailable)
rPois   .            A - amulet of reflection
rElec   .            D - +6 ring of dexterity
rCorr   .            (no ring)
SInv    .            (no ring)
Will    .....        (no ring)
Stlth   +++          (no ring)
HPRegen 0.29/turn    (no ring)
MPRegen 0.11/turn    (no ring)
                     (no ring)

%: reflection
@: beast-form, studying Unarmed Combat
A: beast (slay +3), almost no armour, amphibious, 8 rings, camouflage 1,
gelatinous body 1, (nimble swimmer 1), tentacles
a: Begin Untransformation


You were on level 6 of the Dungeon.
You were a hulking beast.
You visited 2 branches of the dungeon, and saw 7 of its levels.

You collected 257 gold pieces.

Inventory:

Hand Weapons
 a - a +0 sling
 B - a +0 arbalest
Missiles
 v - 2 boomerangs (quivered)
 w - 8 poisoned darts
 y - a throwing net
 E - 2 javelins
Armour
 x - a +0 buckler (worn)
Jewellery
 u - an amulet of magic regeneration
 A - an amulet of reflection (around mantle)
 D - a +6 ring of dexterity (left tentacle)
Talismans
 b - a beast talisman
 c - a flux talisman
 p - a dragon-blood talisman
Wands
 s - a wand of flame (24)
Scrolls
 d - 2 scrolls of revelation {unknown}
 f - 4 scrolls of teleportation {unknown}
 h - 2 scrolls of noise {unknown}
 j - a scroll of immolation {unknown}
 k - 2 scrolls of blinking {unknown}
 l - a scroll of torment {unknown}
 o - 6 scrolls of identify {unknown}
 q - a scroll of fog {unknown}
 t - a scroll of poison {unknown}
 C - a scroll of fear {unknown}
Potions
 e - a potion of berserk rage {unknown}
 g - a potion of ambrosia {unknown}
 i - 2 potions of haste {unknown}
 m - 2 potions of heal wounds {unknown}
 n - 2 potions of lignification
 r - a potion of cancellation {unknown}
 z - a potion of resistance {unknown}


   Skills:
 + Level 4.6 Fighting
 - Level 2.0 Dodging
 + Level 6.9 Unarmed Combat
 + Level 3.5 Evocations
 * Level 6.7 Shapeshifting


You had 7 spell levels left.
You didn't know any spells.
Your spell library contained the following spells:

 Spells                   Type           Power      Damage    Failure   Level
 Magic Dart               Conj           0%         1d3       41%         1
 Cigotuvi's Dreadful Rot  Necr/Pois/Air  0%         N/A       56%         2
 Searing Ray              Conj           0%         2d4       56%         2
 Dispel Undead            Necr           0%         3d6       99%         4
 Fulminant Prism          Conj/Hex       0%         3d5       99%         4
 Death Channel            Necr           0%         N/A       100%        6


Dungeon Overview and Level Annotations

Branches:
Dungeon (6/15)             Temple (1/1) D:6

Altars:
Ashenzari
Cheibriados
Dithmenos
Gozag
Kikubaaqudgha
Makhleb
Qazlal
Sif Muna
Vehumet
Wu Jian
Zin
The Shining One

Annotations:
D:3 1 runed translucent door, Crazy Yiuf


Innate Abilities, Weirdness & Mutations

You are a hulking beast.
Your limbs bulge with bestial killing power. (Slay +3)
You cannot wear most types of armour.
You are amphibious.
You can wear up to eight rings at the same time.
Your skin changes colour to match your surroundings (Stealth+).
Your rubbery body absorbs attacks. (AC +1, EV +1)
((You are camouflaged when in or above water. (Stealth+)))
You have tentacles for arms and can constrict up to eight enemies at once.


Message History

You tentacle-slap the steam dragon.
You squeeze the steam dragon, but do no damage.
The steam dragon is moderately wounded.
You block the steam dragon's attack. x2
You closely miss the steam dragon.
The steam dragon is moderately wounded.
The steam dragon closely misses you. x2
You tentacle-slap the steam dragon.
The steam dragon is moderately wounded.
You block the wight's attack. The steam dragon misses you.
The steam dragon closely misses you.
You tentacle-slap the steam dragon.
The steam dragon is heavily wounded.
The wight completely misses you. The steam dragon bites you.
The steam dragon claws you but does no damage.
You closely miss the steam dragon. You tentacle-slap the steam dragon.
The steam dragon is heavily wounded.
The wight hits you with a +4 mace of freezing.
The wight freezes you. You block the steam dragon's attack.
The steam dragon claws you.
You tentacle-slap the steam dragon. Your squeeze misses the steam dragon.
The steam dragon is severely wounded.
You block the wight's attack. You block the steam dragon's attack.
The steam dragon closely misses you.
You tentacle-slap the steam dragon.
You squeeze the steam dragon, but do no damage.
The steam dragon is severely wounded.
You block the wight's attack. The steam dragon breathes steam at you.
The ball of steam hits you!!
You tentacle-slap the steam dragon.
The steam dragon is severely wounded.
The wight is engulfed in a cloud of scalding steam.
The wight hits you with a +4 mace of freezing!
* * * LOW HITPOINT WARNING * * *
The wight freezes you.
* * * LOW HITPOINT WARNING * * *
The steam dragon breathes steam at you. The ball of steam hits you!!
You die...

..................###....
....##.##.##.##.#........
....#.........#.#.....(..
.."......[......#........
....#..⌠...⌠..#.#........
....#.........#.#.......:
###......>......#........
###.........#§#D.......
#####..⌠...⌠..#§hz.......
>..............§#.......
##.##.........###.......
#..##.##.##.## .......
##.......##... ...<.>.
############## ##.###. .#
.#


You could see a steam dragon (catching breath) and a wight.

Vanquished Creatures
  A black bear (D:6)
  An ogre (D:5)
  A centaur (D:6)
  A phantom (D:5)
  A scorpion (D:5)
  3 wights (D:6)
  A jelly (D:5)
  A hound (D:4)
  2 gnoll boudas
  Natasha (thrice) (D:3)
  4 iguanas
  Robin (D:3)
  8 adders
  13 gnolls
  A shadow imp (D:5)
  4 worms
  5 dart slugs
  10 orcs
  4 endoplasms
  6 giant cockroaches
  18 goblins
  11 hobgoblins
  13 jackals
  8 kobolds
  3 quokkas
  7 ball pythons
  7 bats
  4 frilled lizards
  7 rats
149 creatures vanquished.

Notes
Turn   | Place    | Note
-------+----------+-------------------------------------------
     0 | D:1      | LeprechaunX the Octopode Shapeshifter began the quest for
                  | the Orb.
     0 | D:1      | Reached XP level 1. HP: 13/13 MP: 1/1
   126 | D:1      | Reached XP level 2. HP: 16/18 MP: 2/2
   530 | D:1      | Reached XP level 3. HP: 20/23 MP: 3/3
  1316 | D:2      | Reached XP level 4. HP: 29/29 MP: 4/4
  1725 | D:3      | Noticed Robin
  1868 | D:3      | Killed Robin
  1949 | D:3      | Reached XP level 5. HP: 34/34 MP: 5/5
  2156 | D:3      | Found a faded altar of an unknown god.
  2279 | D:3      | Noticed Natasha
  2284 | D:3      | Killed Natasha
  2364 | D:3      | Found a shadowy altar of Dithmenos.
  2378 | D:3      | Noticed Natasha
  2389 | D:3      | Killed Natasha
  2459 | D:3      | Reached XP level 6. HP: 41/41 MP: 6/6
  2541 | D:3      | Found a runed translucent door.
  2542 | D:3      | Noticed Crazy Yiuf
  2591 | D:3      | Noticed Natasha
  2596 | D:3      | Killed Natasha
  2597 | D:3      | Reached skill level 5 in Unarmed Combat
  3092 | D:5      | Entered Level 5 of the Dungeon
  3148 | D:5      | Noticed an ice beast
  3178 | D:5      | Reached skill level 5 in Shapeshifting
  3426 | D:5      | Reached skill level 1 in Evocations
  3426 | D:5      | Reached XP level 7. HP: 44/46 MP: 7/7
  5301 | D:6      | Reached XP level 8. HP: 42/54 MP: 8/8
  5548 | D:6      | Found a glowing silver altar of Zin.
  5606 | D:6      | Found a staircase to the Ecumenical Temple.
  5634 | Temple   | Entered the Ecumenical Temple
  5901 | D:6      | Killed from afar by a steam dragon

Illustrated notes

Levels and vault maps discovered:
D:1:      dpeg_arrival_arbitrary_c, layout_basic
D:2:      layout_loops_ring, grunt_decor_mini_mirrors, grunt_decor_resistance,
          nicolae_concentric_dashed_squares_mild
D:3:      layout_loops_ring, grunt_dithmenos_smoke,
          ebering_ecumenical_altar_sacrificial, uniq_natasha,
          uniq_crazy_yiuf_cottage, uniq_robin
D:4:      layout_rooms
D:5:      layout_basic, kennysheep_generic_room_7
D:6:      layout_basic, lemuel_coloured_pillars_altar,
          minmay_temple_entry_large_hall, bh_walls_and_bars
Temple:   nicolae_temple_ecumenical_triangle

Skill      XL: |  1  2  3  4  5  6  7  8 |
---------------+-------------------------+-----
Fighting       | 2 3 4 |  4.6
Shapeshifting  | 4 5 6 |  6.7
Unarmed Combat | 4 5 6 |  6.9
Evocations     | 1 2 3 |  3.5
Dodging        | |  2.0

Action                     |  1- 3 |  4- 6 |  7- 9 || total
---------------------------+-------+-------+-------++-------
  Melee: Unarmed           |    81 |   116 |    99 ||   296
         Constrict         |    23 |    36 |    25 ||    84
         Tentacles         |    14 |    35 |    21 ||    70
         Punch             |     1 |     5 |     7 ||    13
   Fire: Sling             |       |     7 |    11 ||    18
  Throw: Boomerang         |       |       |     8 ||     8
         Javelin           |       |       |     4 ||     4
    Use: Potion            |       |       |     1 ||     1
   Stab: Sleeping          |    12 |     6 |     4 ||    22
 Armour: Skin              |    30 |    51 |    62 ||   143
  Dodge: Dodged            |    48 |    61 |    63 ||   172
  Block: Buckler           |       |       |    29 ||    29

Table legend: (Time is in decaauts)
 A = Elapsed time spent in this place.
 B = Non-inter-level travel time spent in this place.
 C = Inter-level travel time spent in this place.
 D = Time resting spent in this place.
 E = Time spent auto-exploring this place.
 F = Levels seen in this place.
 G = Mean time per level.
                   A        B        C        D        E       F      G
               +--------+--------+--------+--------+--------+-----+--------+
         Total |   5890 |   5599 |    291 |    911 |   3644 |   7 |  841.4 |
       Dungeon |   5888 |   5597 |    291 |    911 |   3644 |   6 |  981.3 |
        Temple |      1 |      1 |      0 |      0 |      0 |   1 |    1.0 |
               +--------+--------+--------+--------+--------+-----+--------+

Top non-repeatable levels by time:
     D:5: 1619 daAuts
     D:3: 1025 daAuts
     D:2: 971 daAuts
     D:6: 950 daAuts
     D:1: 854 daAuts
     D:4: 466 daAuts
  Temple: 1 daAuts
